[Event "2025 Mary Thomson Cup (Division B)"]
[Site "Woodvale, Perth WA AUS"]
[Date "2025.02.12"]
[Round "3"]
[White "Verma, Abhinav"]
[Black "Bhatia, Abhay"]
[Result "1-0"]
[ECO "D50"]
[WhiteElo "1771"]
[BlackElo "1701"]
[PlyCount "97"]
[EventDate "2025.01.22"]
[EventType "tourn"]
[EventRounds "5"]
[EventCountry "AUS"]
[TimeControl "3600+30"]

1. d4 d5 2. c4 e6 3. Nc3 Nf6 4. Bg5 Bb4 5. e3 O-O 6. a3 Bxc3+ 7. bxc3 Nc6 8.
Nf3 h6 9. Bh4 Re8 10. Bd3 dxc4 11. Bxc4 g5 12. Bg3 a6 13. h4 g4 14. Ne5 Nxe5
15. Bxe5 h5 16. f3 b5 17. Bd3 Bb7 18. Bxf6 Qxf6 19. fxg4 Bxg2 20. g5 Qf3 21.
Qxf3 Bxf3 22. Rf1 Bg4 23. Rf6 e5 24. Kd2 exd4 25. cxd4 Re6 26. Raf1 Rae8 27. e4
Bh3 28. R1f2 R8e7 29. Kc3 c6 30. d5 cxd5 31. exd5 Rc7+ 32. Kd4 Rxf6 33. Rxf6
Bc8 34. Rc6 Rxc6 35. dxc6 Bg4 36. Kc5 Kf8 37. Kb6 Ke7 38. Kxa6 Kd6 39. Kxb5 Bf3
40. Bc4 Bxc6+ 41. Kb6 Be8 42. Bb5 Bxb5 43. Kxb5 Kc7 44. a4 Kb7 45. a5 Ka7 46.
Kc6 Ka6 47. Kd7 Kxa5 48. Ke7 f5 49. gxf6 1-0

[Event "2025 Mary Thomson Cup (Division B)"]
[Site "Woodvale, Perth WA AUS"]
[Date "2025.02.12"]
[Round "3"]
[White "Gough, Dylan"]
[Black "Leonhardt, Wolfgang"]
[Result "0-1"]
[ECO "D07"]
[WhiteElo "1764"]
[BlackElo "1727"]
[PlyCount "52"]
[EventDate "2025.01.22"]
[EventType "tourn"]
[EventRounds "5"]
[EventCountry "AUS"]
[TimeControl "3600+30"]

1. d4 d5 2. c4 Nc6 3. Nf3 Bg4 4. e3 e6 5. cxd5 exd5 6. Be2 Bd6 7. Nc3 Nf6 8.
Qb3 O-O 9. Bd2 Na5 10. Qc2 Nc6 11. h3 Be6 12. Nb5 Be7 13. Ne5 Nxe5 14. dxe5 Ne4
15. Bd3 Nxd2 16. Kxd2 c5 17. Nc3 g6 18. Ke1 c4 19. Bf1 Qc7 20. f4 Bh4+ 21. Kd1
Rfd8 22. Nb5 Qa5 23. Nc3 d4 24. Kc1 dxc3 25. bxc3 Qa3+ 26. Kb1 Bf5 0-1

[Event "2025 Mary Thomson Cup (Division C)"]
[Site "Woodvale, Perth WA AUS"]
[Date "2025.02.12"]
[Round "3"]
[White "Weijermars, Tristan"]
[Black "Hapugala, Amila"]
[Result "1-0"]
[ECO "E61"]
[WhiteElo "1615"]
[BlackElo "1528"]
[PlyCount "71"]
[EventDate "2025.01.22"]
[EventType "tourn"]
[EventRounds "5"]
[EventCountry "AUS"]
[TimeControl "3600+30"]

1. d4 Nf6 2. c4 d6 3. Nc3 g6 4. Nf3 Bg7 5. Bg5 O-O 6. e3 Nbd7 7. Bd3 c5 8. d5
a6 9. O-O Re8 10. Rb1 Ng4 11. Ne4 Nde5 12. Nxe5 Nxe5 13. h3 f5 14. Nc3 Rf8 15.
f4 Nxd3 16. Qxd3 Qe8 17. Ne2 Bd7 18. Bh4 b5 19. b3 b4 20. Kh1 a5 21. Ng1 a4 22.
Nf3 h6 23. Rfe1 axb3 24. axb3 Qf7 25. e4 Ra2 26. e5 dxe5 27. Nxe5 Bxe5 28. Rxe5
Re8 29. Rbe1 e6 30. dxe6 Rxe6 31. Rxe6 Bxe6 32. Qd6 Bc8 33. Qd8+ Qf8 34. Re8
Qxe8 35. Qxe8+ Kg7 36. Qxc8 1-0

[Event "2025 Mary Thomson Cup (Division C)"]
[Site "Woodvale, Perth WA AUS"]
[Date "2025.02.12"]
[Round "3"]
[White "Hagendoorn, Mark"]
[Black "Nauom, Rafik"]
[Result "0-1"]
[ECO "B15"]
[WhiteElo "1542"]
[BlackElo "1564"]
[PlyCount "54"]
[EventDate "2025.01.22"]
[EventType "tourn"]
[EventRounds "5"]
[EventCountry "AUS"]
[TimeControl "3600+30"]

1. e4 c6 2. d4 d5 3. Nc3 dxe4 4. Nxe4 Nf6 5. Nxf6+ exf6 6. Qe2+ Be7 7. Be3 O-O
8. O-O-O Qd5 9. c4 Qa5 10. Kb1 Na6 11. Bd2 Bf5+ 12. Ka1 Qa4 13. b3 Qa3 14. Bc1
Qd6 15. Qf3 Qd7 16. h3 Nb4 17. Ne2 Nc2+ 18. Kb2 Ba3+ 19. Kc3 Bb4+ 20. Kb2 Qe7
21. Qxf5 Na3 22. Bd2 b5 23. c5 Bxd2 24. Rxd2 b4 25. Nc1 Qe1 26. Bd3 Qxd2+ 27.
Ka1 Qc3# 0-1

[Event "2025 Mary Thomson Cup (Division D)"]
[Site "Woodvale, Perth WA AUS"]
[Date "2025.02.12"]
[Round "3"]
[White "Williams, Joshua"]
[Black "Brooke, John"]
[Result "1-0"]
[ECO "D00"]
[WhiteElo "1416"]
[BlackElo "1356"]
[PlyCount "97"]
[EventDate "2025.01.22"]
[EventType "tourn"]
[EventRounds "5"]
[EventCountry "AUS"]
[TimeControl "3600+30"]

1. d4 d5 2. Nc3 Bf5 3. Nf3 Nc6 4. e3 a6 5. a3 Nf6 6. Be2 h6 7. O-O e6 8. b4 b5
9. Nh4 Bh7 10. Bd3 Ne4 11. Bxe4 Bxe4 12. Nf3 Bd6 13. Nd2 Bh7 14. Ne2 Ne7 15. c3
Nf5 16. a4 c6 17. e4 Nh4 18. e5 Be7 19. Nb3 Nf5 20. Nf4 Bg5 21. Nc5 Bxf4 22.
Bxf4 Nh4 23. Nb7 Qe7 24. Nd6+ Kd7 25. axb5 axb5 26. Nb7 Kc7 27. Nc5 Rhc8 28.
Qb3 Kd8 29. Ra5 Ke8 30. Rfa1 Rab8 31. Ra7 Rc7 32. R7a5 Rbc8 33. Ra8 Qd8 34.
R8a6 g5 35. Bg3 Nf5 36. R1a3 Ne7 37. Qa2 Kf8 38. Ra7 Kg7 39. Nb7 Qd7 40. Nc5
Qd8 41. f4 Bf5 42. Qd2 g4 43. Bh4 h5 44. Rb7 Ra8 45. Rxa8 Qxa8 46. Rxc7 Qa1+
47. Kf2 Ng6 48. Bf6+ Kf8 49. Rc8# 1-0

[Event "2025 Mary Thomson Cup (Division D)"]
[Site "Woodvale, Perth WA AUS"]
[Date "2025.02.12"]
[Round "3"]
[White "Walker, Colin"]
[Black "Boswarva, Ernest"]
[Result "0-1"]
[ECO "B07"]
[WhiteElo "1424"]
[BlackElo "1433"]
[PlyCount "58"]
[EventDate "2025.01.22"]
[EventType "tourn"]
[EventRounds "5"]
[EventCountry "AUS"]
[TimeControl "3600+30"]

1. e4 d6 2. d4 Nf6 3. Nc3 Nbd7 4. Be2 e5 5. d5 c6 6. dxc6 bxc6 7. Nf3 Be7 8.
Bc4 h6 9. O-O g5 10. Be2 Nf8 11. Nd2 Ng6 12. Nc4 Nf4 13. Bxf4 gxf4 14. Bf3 h5
15. Qd2 Bg4 16. Qd3 Rg8 17. Be2 Qd7 18. Kh1 Bxe2 19. Qxe2 h4 20. h3 O-O-O 21.
Rad1 Rg6 22. Nxe5 Rxg2 23. Nxd7 Rdg8 24. Nxf6 Bxf6 25. Qa6+ Kd7 26. Qxa7+ Ke6
27. Qc7 Be5 28. Qxc6 f3 29. Nb5 Rh2# 0-1

[Event "2025 Mary Thomson Cup (Division E)"]
[Site "Woodvale, Perth WA AUS"]
[Date "2025.02.12"]
[Round "3"]
[White "Owen, Geoffrey"]
[Black "Porteus, Grant"]
[Result "0-1"]
[ECO "B11"]
[WhiteElo "1187"]
[BlackElo "1349"]
[PlyCount "93"]
[EventDate "2025.01.22"]
[EventType "tourn"]
[EventRounds "5"]
[EventCountry "AUS"]
[TimeControl "3600+30"]

1. e4 c6 2. Nf3 d5 3. Nc3 d4 4. Ne2 c5 5. Ng3 Qb6 6. Bc4 h6 7. Ne5 Be6 8. Qe2
Bxc4 9. Qxc4 e6 10. Qa4+ Nc6 11. Nxc6 bxc6 12. d3 Bd6 13. f4 f6 14. Nh5 Qc7 15.
Nxg7+ Kf7 16. Nh5 Ne7 17. Rf1 Raf8 18. e5 Bxe5 19. fxe5 Qxe5+ 20. Kd1 Qxh5+ 21.
Rf3 Qxh2 22. Bd2 Qxg2 23. Rf4 f5 24. c4 Ng6 25. Qxa7+ Kf6 26. Qxc5 Qg1+ 27. Kc2
Qxa1 28. Qxd4+ Ne5 29. Bc3 Rhg8 30. Qxe5+ Kg5 31. Bd2 Kh5 32. Qe2+ Rg4 33. Qh2+
Kg6 34. Rxg4+ fxg4 35. Qxh6+ Kf7 36. Qh7+ Ke8 37. Qg6+ Kd7 38. Qg7+ Ke8 39.
Qg6+ Kd7 40. Qxg4 Qxa2 41. Qd4+ Kc8 42. Qd6 Qa4+ 43. Kc3 Re8 44. Bf4 Qa5+ 45.
Kd4 Rd8 46. c5 Rxd6+ 47. cxd6 0-1

[Event "2025 Mary Thomson Cup (Division F)"]
[Site "Woodvale, Perth WA AUS"]
[Date "2025.02.12"]
[Round "3"]
[White "Dawoud, Ahmad"]
[Black "Rennie, Mike"]
[Result "1-0"]
[ECO "D02"]
[WhiteElo "1144"]
[BlackElo "886"]
[PlyCount "79"]
[EventDate "2025.01.22"]
[EventType "tourn"]
[EventRounds "5"]
[EventCountry "AUS"]
[TimeControl "3600+30"]

1. d4 d5 2. Nf3 e6 3. Bf4 Bd6 4. Bxd6 cxd6 5. e3 Nf6 6. Bd3 Nc6 7. a3 e5 8.
dxe5 dxe5 9. Bb5 Qa5+ 10. Nc3 a6 11. Bxc6+ bxc6 12. Nxe5 Bd7 13. Nxd7 Nxd7 14.
O-O Nf6 15. Qd3 Rd8 16. b4 Qc7 17. Qxa6 Qc8 18. Qxc8 Rxc8 19. a4 Nd7 20. a5 Nb8
21. a6 Rc7 22. a7 O-O 23. a8=Q Rcc8 24. Qa3 Nd7 25. Qb2 Ne5 26. Qb3 Nc4 27.
Rfd1 Rfd8 28. e4 d4 29. Qxc4 dxc3 30. Rxd8+ Rxd8 31. h3 g6 32. Ra7 Rf8 33. Qxc6
Kg7 34. Ra8 Rxa8 35. Qxa8 Kh6 36. g4 Kg5 37. Qb8 h5 38. f4+ Kh4 39. Kg2 hxg4
40. Qh8# 1-0

[Event "2025 Mary Thomson Cup (Division A)"]
[Site "Woodvale, Perth WA AUS"]
[Date "2025.02.19"]
[Round "4"]
[White "Elkington, Derek"]
[Black "Fokaite, Gabriele"]
[Result "0-1"]
[ECO "B00"]
[WhiteElo "1874"]
[BlackElo "1990"]
[PlyCount "62"]
[EventDate "2025.01.22"]
[EventType "swiss"]
[EventRounds "5"]
[EventCountry "AUS"]
[TimeControl "3600+30"]

1. e4 b6 2. d4 Bb7 3. Bd3 e6 4. f4 Be7 5. Nf3 d6 6. O-O Nd7 7. e5 Nh6 8. c3 O-O
9. h3 c5 10. g4 dxe5 11. fxe5 cxd4 12. cxd4 Rc8 13. Nc3 f6 14. Bxh6 gxh6 15.
Qb3 Nc5 16. dxc5 Bxc5+ 17. Kh2 Qxd3 18. Qxe6+ Kh8 19. Rad1 Qe3 20. Nd5 Qe2+ 21.
Kg3 Rce8 22. Qd7 Bxd5 23. Qxd5 fxe5 24. Qb3 Qe4 25. Rde1 Qf4+ 26. Kg2 Bb4 27.
Nxe5 Qd2+ 28. Kh1 Rxf1+ 29. Rxf1 Rxe5 30. a3 Bd6 31. Qf3 Qd5 0-1

[Event "2025 Mary Thomson Cup (Division A)"]
[Site "Woodvale, Perth WA AUS"]
[Date "2025.02.19"]
[Round "4"]
[White "Rafiei Darani, Daryoush"]
[Black "Rahmani, Noor"]
[Result "1-0"]
[ECO "B22"]
[WhiteElo "1897"]
[BlackElo "2156"]
[PlyCount "39"]
[EventDate "2025.01.22"]
[EventType "swiss"]
[EventRounds "5"]
[EventCountry "AUS"]
[TimeControl "3600+30"]

1. e4 c5 2. c3 e5 3. Nf3 Nc6 4. Bc4 Be7 5. O-O Nf6 6. Ng5 O-O 7. f4 h6 8. Nxf7
Rxf7 9. Bxf7+ Kxf7 10. fxe5 Nxe5 11. Qh5+ Ke6 12. Qf5+ Kd6 13. d4 cxd4 14. Bf4
Kc6 15. Qxe5 d5 16. cxd4 Nxe4 17. Rc1+ Kb6 18. Nc3 Nxc3 19. Rxc3 Bf6 20. Rb3+
1-0

[Event "2025 Mary Thomson Cup (Division A)"]
[Site "Woodvale, Perth WA AUS"]
[Date "2025.02.19"]
[Round "4"]
[White "Taylor, Leon"]
[Black "Gibson, Jacob"]
[Result "0-1"]
[ECO "B20"]
[WhiteElo "2086"]
[BlackElo "1999"]
[PlyCount "91"]
[EventDate "2025.01.22"]
[EventType "swiss"]
[EventRounds "5"]
[EventCountry "AUS"]
[TimeControl "3600+30"]

1. e4 c5 2. a3 Nc6 3. b4 e5 4. b5 Nd4 5. c3 Ne6 6. Nf3 Nf6 7. Nxe5 Nxe4 8. d3
Nf6 9. Be2 d5 10. O-O Bd6 11. d4 Qc7 12. f4 cxd4 13. cxd4 Nxd4 14. Bb2 Nf5 15.
Rf3 O-O 16. Kh1 Be6 17. Bd3 Ne4 18. Nd2 f6 19. Bxe4 dxe4 20. Rc3 Qe7 21. Ng4
Bd5 22. Nc4 Bxc4 23. Rxc4 h5 24. Qd5+ Qf7 25. Qxf5 Qxc4 26. Nh6+ Kh8 27. Qxh5
Qc7 28. Rc1 Qd7 29. Nf5+ Kg8 30. Qg4 Rad8 31. Rd1 Qc7 32. Qg6 Bxf4 33. Rf1 e3
34. g3 e2 35. Rg1 Qd7 36. h4 Qf7 37. Qg4 Rd1 38. gxf4 Qd5+ 39. Kh2 Rxg1 40.
Ne7+ Kf7 41. Qxg1 Kxe7 42. Qxg7+ Rf7 43. Bxf6+ Kd7 44. Qg4+ Qe6 45. Qxe6+ Kxe6
46. Bc3 0-1

[Event "2025 Mary Thomson Cup (Division A)"]
[Site "Woodvale, Perth WA AUS"]
[Date "2025.02.19"]
[Round "4"]
[White "O'Shaughnessy, Dave"]
[Black "Maris, Rob"]
[Result "1/2-1/2"]
[ECO "D01"]
[WhiteElo "1965"]
[BlackElo "2082"]
[PlyCount "52"]
[EventDate "2025.01.22"]
[EventType "swiss"]
[EventRounds "5"]
[EventCountry "AUS"]
[TimeControl "3600+30"]

1. d4 Nf6 2. Nc3 d5 3. Bg5 Nbd7 4. Nf3 h6 5. Bh4 e6 6. e3 a6 7. Bd3 b5 8. a3
Bb7 9. O-O c5 10. Re1 Qb6 11. Nb1 Bd6 12. c3 O-O-O 13. Nbd2 Rde8 14. e4 dxe4
15. Nxe4 Nxe4 16. Bxe4 Bxe4 17. Rxe4 f5 18. Re2 g5 19. dxc5 Bxc5 20. b4 Be7 21.
c4 Bf6 22. Rc1 bxc4 23. Rxc4+ Kd8 24. Rd2 Rh7 25. Rd6 Qb7 26. Rcc6 gxh4 1/2-1/2

[Event "2025 Mary Thomson Cup (Division A)"]
[Site "Woodvale, Perth WA AUS"]
[Date "2025.02.19"]
[Round "4"]
[White "Maggs, Derwent"]
[Black "Curtis, Calan"]
[Result "1-0"]
[ECO "D31"]
[WhiteElo "2299"]
[BlackElo "1632"]
[PlyCount "49"]
[EventDate "2025.01.22"]
[EventType "swiss"]
[EventRounds "5"]
[EventCountry "AUS"]
[TimeControl "3600+30"]

1. d4 d5 2. c4 e6 3. Nc3 c6 4. e4 Bb4 5. e5 c5 6. a3 cxd4 7. axb4 dxc3 8. bxc3
Qc7 9. Bf4 Ne7 10. Qg4 Ng6 11. Bg3 a6 12. Nf3 dxc4 13. Qxc4 Qxc4 14. Bxc4 b5
15. Bxb5+ Bd7 16. Bxd7+ Nxd7 17. O-O O-O 18. c4 Rfc8 19. Rfc1 Nb6 20. Nd2 Ne7
21. f4 Nc6 22. Bf2 Nd7 23. b5 axb5 24. Rxa8 Rxa8 25. cxb5 1-0

[Event "2025 Mary Thomson Cup (Division A)"]
[Site "Woodvale, Perth WA AUS"]
[Date "2025.02.19"]
[Round "4"]
[White "Janceski, Alex"]
[Black "Doshi, Chirag"]
[Result "0-1"]
[ECO "E11"]
[WhiteElo "1850"]
[BlackElo "1836"]
[PlyCount "64"]
[EventDate "2025.01.22"]
[EventType "swiss"]
[EventRounds "5"]
[EventCountry "AUS"]
[TimeControl "3600+30"]

1. d4 d5 2. c4 e6 3. e3 Nf6 4. Nf3 Bb4+ 5. Bd2 Bxd2+ 6. Nbxd2 O-O 7. Bd3 b6 8.
O-O c5 9. cxd5 exd5 10. h3 Nc6 11. dxc5 bxc5 12. Rc1 c4 13. Bb1 Re8 14. Re1 Ne5
15. Nxe5 Rxe5 16. Nf3 Re8 17. Nd4 Be6 18. Qc2 g6 19. Qc3 Rc8 20. Rcd1 Qe7 21.
e4 dxe4 22. Bxe4 Nxe4 23. Rxe4 Qb7 24. Nxe6 Rxe6 25. Rxc4 Rce8 26. Rc7 Qb6 27.
Rdd7 Re1+ 28. Kh2 Qxf2 29. Rxf7 Qg1+ 30. Kg3 R8e3+ 31. Kh4 Rxc3 32. bxc3 Qxg2
0-1

[Event "2025 Mary Thomson Cup (Division A)"]
[Site "Woodvale, Perth WA AUS"]
[Date "2025.02.19"]
[Round "4"]
[White "Shaw, Robin"]
[Black "Wolstencroft, Alan"]
[Result "1-0"]
[ECO "A26"]
[WhiteElo "1705"]
[BlackElo "1843"]
[PlyCount "53"]
[EventDate "2025.01.22"]
[EventType "swiss"]
[EventRounds "5"]
[EventCountry "AUS"]
[TimeControl "3600+30"]

1. c4 e5 2. Nc3 Nc6 3. e4 g6 4. d3 Bg7 5. g3 d6 6. Bg2 Nge7 7. Be3 O-O 8. h4 f6
9. Qd2 a6 10. h5 Qe8 11. Bf3 g5 12. h6 Bh8 13. Bh5 Ng6 14. Nge2 g4 15. Nd5 Bd7
16. Nxc7 Qf7 17. Nxa8 Rxa8 18. Nc3 f5 19. Nd5 Bf6 20. Bg5 Bd8 21. Bxd8 Nxd8 22.
Qb4 fxe4 23. dxe4 Nc6 24. Qxd6 Rf8 25. O-O Be6 26. Qc7 Qf3 27. Qg7# 1-0

[Event "2025 Mary Thomson Cup (Division B)"]
[Site "Woodvale, Perth WA AUS"]
[Date "2025.02.19"]
[Round "4"]
[White "Bhatia, Abhay"]
[Black "Gough, Dylan"]
[Result "1/2-1/2"]
[ECO "D35"]
[WhiteElo "1701"]
[BlackElo "1764"]
[PlyCount "54"]
[EventDate "2025.01.22"]
[EventType "tourn"]
[EventRounds "5"]
[EventCountry "AUS"]
[TimeControl "3600+30"]

1. c4 Nf6 2. Nc3 e6 3. d4 d5 4. cxd5 exd5 5. Bg5 Be7 6. Bxf6 Bxf6 7. e3 Bf5 8.
Bd3 Bxd3 9. Qxd3 c6 10. Nf3 Na6 11. a3 Nc7 12. O-O Qd6 13. e4 Be7 14. e5 Qg6
15. Qe3 Ne6 16. b4 Ng5 17. Nh4 Qe6 18. b5 f5 19. exf6 Qxe3 20. fxe3 Bxf6 21.
Nf5 O-O 22. bxc6 bxc6 23. Rac1 g6 24. Nh6+ Kg7 25. Ng4 Rae8 26. Na4 Rc8 27. Nc5
Be7 1/2-1/2

[Event "2025 Mary Thomson Cup (Division B)"]
[Site "Woodvale, Perth WA AUS"]
[Date "2025.02.19"]
[Round "4"]
[White "Oswald, Franz"]
[Black "Verma, Abhinav"]
[Result "0-1"]
[ECO "E81"]
[WhiteElo "1682"]
[BlackElo "1771"]
[PlyCount "60"]
[EventDate "2025.01.22"]
[EventType "tourn"]
[EventRounds "5"]
[EventCountry "AUS"]
[TimeControl "3600+30"]

1. d4 Nf6 2. c4 g6 3. Nc3 Bg7 4. e4 d6 5. f3 O-O 6. Be3 c5 7. Nge2 Nc6 8. d5
Ne5 9. Ng3 h5 10. Be2 h4 11. Nf1 h3 12. g3 a6 13. Rg1 Bd7 14. g4 Qb6 15. Qd2
Qa5 16. g5 Nh5 17. f4 Nxf4 18. Bxf4 b5 19. Ne3 Nxc4 20. Nxc4 bxc4 21. Bxc4 Qb4
22. Bd3 Rfb8 23. Rb1 Qa5 24. Qc2 Ba4 25. Qd2 Rxb2 26. Rxb2 Bxc3 27. Ke2 Bxd2
28. Bxd2 Qc7 29. Rgb1 c4 30. Rb7 cxd3+ 0-1

[Event "2025 Mary Thomson Cup (Division C)"]
[Site "Woodvale, Perth WA AUS"]
[Date "2025.02.19"]
[Round "4"]
[White "Hapugala, Amila"]
[Black "Nauom, Rafik"]
[Result "1-0"]
[ECO "B13"]
[WhiteElo "1528"]
[BlackElo "1564"]
[PlyCount "72"]
[EventDate "2025.01.22"]
[EventType "tourn"]
[EventRounds "5"]
[EventCountry "AUS"]
[TimeControl "3600+30"]

1. d4 c6 2. e4 d5 3. exd5 cxd5 4. Nf3 Bg4 5. Be2 Bxf3 6. Bxf3 Nf6 7. Bf4 Qb6 8.
b3 Nc6 9. Be5 Qa5+ 10. Qd2 Qxd2+ 11. Nxd2 Nb4 12. Ke2 Nd7 13. c3 Nxe5 14. dxe5
Nc6 15. Bxd5 Nxe5 16. Bxb7 Rb8 17. Be4 e6 18. f4 Ng6 19. Bxg6 hxg6 20. Rad1 Be7
21. Ne4 Rb6 22. h3 f5 23. Nd2 Kf7 24. Nc4 Ra6 25. a4 Rb8 26. Ne5+ Ke8 27. Rb1
Bf6 28. Kf3 Bxe5 29. fxe5 Rc6 30. c4 Rcb6 31. Kf4 Rxb3 32. Rxb3 Rxb3 33. Rc1
Rb4 34. Kg5 Kf7 35. c5 Rb7 36. c6 Rc7 {Scoresheet not clear} 1-0

[Event "2025 Mary Thomson Cup (Division C)"]
[Site "Woodvale, Perth WA AUS"]
[Date "2025.02.19"]
[Round "4"]
[White "Ross, Leo"]
[Black "Hagendoorn, Mark"]
[Result "0-1"]
[ECO "B22"]
[WhiteElo "1462"]
[BlackElo "1542"]
[PlyCount "50"]
[EventDate "2025.01.22"]
[EventType "tourn"]
[EventRounds "5"]
[EventCountry "AUS"]
[TimeControl "3600+30"]

1. e4 c5 2. Nf3 Nc6 3. c3 e5 4. Bc4 Be7 5. O-O Nf6 6. Ng5 O-O 7. d3 d5 8. exd5
Nxd5 9. Qh5 Bxg5 10. Bxg5 f6 11. Bh4 Kh8 12. d4 cxd4 13. cxd4 Nxd4 14. Bd3 g6
15. Bxg6 Qe7 16. f4 Nxf4 17. Rxf4 exf4 18. Nc3 Ne6 19. Nd5 Qg7 20. Be4 Ng5 21.
Nxf4 Nxe4 22. Re1 f5 23. Be7 Qd4+ 24. Kh1 Nf2+ 25. Kg1 Nh3+ 0-1

[Event "2025 Mary Thomson Cup (Division C)"]
[Site "Woodvale, Perth WA AUS"]
[Date "2025.02.19"]
[Round "4"]
[White "Weijermars, Tristan"]
[Black "Pass, Tony"]
[Result "1-0"]
[ECO "B08"]
[WhiteElo "1615"]
[BlackElo "1440"]
[PlyCount "107"]
[EventDate "2025.01.22"]
[EventType "tourn"]
[EventRounds "5"]
[EventCountry "AUS"]
[TimeControl "3600+30"]

1. Nc3 Nf6 2. Nf3 g6 3. d4 d6 4. e4 Bg7 5. Be3 Bg4 6. Be2 O-O 7. Qd2 a6 8. Bh6
Qe8 9. Bxg7 Kxg7 10. h3 Bxf3 11. gxf3 e5 12. dxe5 dxe5 13. O-O-O Nc6 14. h4 Nh5
15. Qd7 Rc8 16. Qg4 Nd4 17. Rhg1 Qc6 18. Qxh5 Nxe2+ 19. Nxe2 Qc5 20. Rg2 Rfe8
21. Qg4 b5 22. h5 b4 23. hxg6 hxg6 24. Rd7 Qc6 25. Qf5 Qf6 26. Qxf6+ Kxf6 27.
Rg1 Ke6 28. Rgd1 a5 29. R7d5 Ra8 30. Rc5 Ra7 31. Rdd5 f6 32. Rxa5 Rea8 33. Rxa7
Rxa7 34. Kb1 Rb7 35. Nc1 c6 36. Nb3 cxd5 37. Nc5+ Ke7 38. Nxb7 dxe4 39. fxe4 f5
40. f3 fxe4 41. fxe4 Kf6 42. Kc1 Kg5 43. Kd2 Kf4 44. Nd6 g5 45. Ke2 g4 46. Kf2
g3+ 47. Kg2 Ke3 48. a4 bxa3 49. bxa3 Kd4 50. Kxg3 Kc5 51. Nf7 Kd4 52. Kf3 Kc3
53. Nxe5 Kxc2 54. a4 1-0

[Event "2025 Mary Thomson Cup (Division D)"]
[Site "Woodvale, Perth WA AUS"]
[Date "2025.02.19"]
[Round "4"]
[White "Boswarva, Ernest"]
[Black "Gough, Sebastian"]
[Result "1-0"]
[ECO "A43"]
[WhiteElo "1433"]
[BlackElo "1360"]
[PlyCount "39"]
[EventDate "2025.01.22"]
[EventType "tourn"]
[EventRounds "5"]
[EventCountry "AUS"]
[TimeControl "3600+30"]

1. d4 c5 2. d5 Nf6 3. Nc3 d6 4. e4 g6 5. Nf3 Bg4 6. Bb5+ Nbd7 7. h3 Bxf3 8.
Qxf3 a6 9. Bxd7+ Qxd7 10. Bf4 Bg7 11. O-O O-O 12. Rfe1 Ne8 13. Rad1 Nc7 14. e5
Nb5 15. Nxb5 axb5 16. a3 Qf5 17. exd6 Qxc2 18. dxe7 Rfe8 19. d6 Qf5 20. d7 1-0

[Event "2025 Mary Thomson Cup (Division E)"]
[Site "Woodvale, Perth WA AUS"]
[Date "2025.02.19"]
[Round "4"]
[White "Powell, Darren"]
[Black "Porteus, Grant"]
[Result "0-1"]
[ECO "C25"]
[WhiteElo "1250"]
[BlackElo "1349"]
[PlyCount "96"]
[EventDate "2025.01.22"]
[EventType "tourn"]
[EventRounds "5"]
[EventCountry "AUS"]
[TimeControl "3600+30"]

1. e4 c6 2. Nc3 e5 3. Bc4 b5 4. Bd3 Bc5 5. Qe2 Ne7 6. Nf3 d6 7. h3 Ng6 8. g3
O-O 9. Nd1 f5 10. Ne3 f4 11. Nf1 Qf6 12. Qd1 fxg3 13. Nxg3 Qxf3 14. Qxf3 Rxf3
15. Rh2 Nf4 16. Be2 Bxf2+ 17. Rxf2 Rxg3 18. Bf1 Rg1 19. d3 Bxh3 20. Bxf4 Rxf1+
21. Rxf1 Bxf1 22. Bg5 Bh3 23. Kd2 a5 24. Rh1 Bg4 25. Rg1 h5 26. Be7 d5 27. exd5
cxd5 28. Rf1 Nc6 29. Bc5 Rc8 30. c3 g6 31. b3 h4 32. Rg1 Bf5 33. Bf2 h3 34. Rh1
Kf7 35. Bg3 g5 36. Rf1 Ke6 37. Re1 Rh8 38. Re2 g4 39. d4 e4 40. Rh2 b4 41. Ke3
bxc3 42. Rc2 Kd7 43. a3 Rb8 44. Bxb8 Nxb8 45. Rxc3 g3 46. Kf4 g2 47. Rg3 h2 48.
Rxg2 h1=Q 0-1

[Event "2025 Mary Thomson Cup (Division E)"]
[Site "Woodvale, Perth WA AUS"]
[Date "2025.02.19"]
[Round "4"]
[White "Frankland, David"]
[Black "Owen, Geoffrey"]
[Result "0-1"]
[ECO "B00"]
[WhiteElo "1222"]
[BlackElo "1187"]
[PlyCount "62"]
[EventDate "2025.01.22"]
[EventType "tourn"]
[EventRounds "5"]
[EventCountry "AUS"]
[TimeControl "3600+30"]

1. d4 Nc6 2. e4 e5 3. d5 Nce7 4. Nf3 Ng6 5. Bg5 Nf6 6. Bxf6 Qxf6 7. g3 Bc5 8.
Bh3 O-O 9. O-O h5 10. Ng5 Qxg5 11. Qd2 Qxd2 12. Nxd2 d6 13. Bg2 h4 14. c3 h3
15. Bh1 f5 16. b4 Bb6 17. Nc4 Bd7 18. Nxb6 axb6 19. Rfe1 f4 20. Rab1 Rxa2 21.
Ra1 Rxa1 22. Rxa1 fxg3 23. hxg3 Kf7 24. Kh2 Ke7 25. f3 Bb5 26. Kxh3 Be2 27. Kg4
Kf6 28. Ra2 Bc4 29. Ra7 Rb8 30. Ra1 Bb5 31. Rc1 Bd7+ 0-1

[Event "2025 Mary Thomson Cup (Division E)"]
[Site "Woodvale, Perth WA AUS"]
[Date "2025.02.19"]
[Round "4"]
[White "Yao, Ryan"]
[Black "Lanham, Bruce"]
[Result "1-0"]
[ECO "B28"]
[WhiteElo "1226"]
[BlackElo "1262"]
[PlyCount "85"]
[EventDate "2025.01.22"]
[EventType "tourn"]
[EventRounds "5"]
[EventCountry "AUS"]
[TimeControl "3600+30"]

1. e4 c5 2. Nf3 a6 3. c3 d5 4. exd5 Qxd5 5. d4 Nf6 6. dxc5 Qxc5 7. Be3 Qc7 8.
Nbd2 e6 9. Nc4 Nbd7 10. h3 b5 11. Ncd2 Be7 12. Bd3 O-O 13. Qc2 h6 14. g4 Bb7
15. Rg1 Ne5 16. Nxe5 Qxe5 17. O-O-O Bc5 18. Bxc5 Qxc5 19. Nb3 Qg5+ 20. Qd2
Qxd2+ 21. Nxd2 Rfd8 22. Bc2 Rac8 23. g5 hxg5 24. Rxg5 Rd5 25. Rg3 Rcd8 26. Nb3
Rxd1+ 27. Bxd1 Ne4 28. Rf3 Nf6 29. Re3 Be4 30. Nc5 Bf5 31. Nxa6 Rd3 32. Rxd3
Bxd3 33. Bc2 Bxc2 34. Kxc2 Ne4 35. Nc7 Nxf2 36. h4 e5 37. Nxb5 f6 38. a4 Ne4
39. b4 f5 40. Kd3 Kf7 41. a5 Ke6 42. a6 Nd6 43. Nxd6 1-0

[Event "2025 Mary Thomson Cup (Division F)"]
[Site "Woodvale, Perth WA AUS"]
[Date "2025.02.19"]
[Round "4"]
[White "Markou, Victor"]
[Black "Dawoud, Ahmad"]
[Result "0-1"]
[ECO "C44"]
[WhiteElo "983"]
[BlackElo "1144"]
[PlyCount "78"]
[EventDate "2025.01.22"]
[EventType "tourn"]
[EventRounds "5"]
[EventCountry "AUS"]
[TimeControl "3600+30"]

1. e4 e5 2. Nf3 Nc6 3. d3 Bc5 4. Be3 Bxe3 5. fxe3 Nf6 6. Be2 d6 7. O-O O-O 8.
Re1 Be6 9. Nc3 d5 10. Ng5 dxe4 11. Nxe6 fxe6 12. Nxe4 Nxe4 13. dxe4 Qxd1 14.
Raxd1 Rad8 15. Bb5 Nb4 16. Ba4 Na6 17. Bb3 Rxd1 18. Rxd1 Re8 19. Bc4 Nc5 20.
Bd3 Rd8 21. b4 Nxe4 22. Be2 Rxd1+ 23. Bxd1 Nc3 24. Bg4 Kf7 25. Bf3 b6 26. a3 e4
27. Bg4 b5 28. g3 Nb1 29. Be2 Nxa3 30. Bd1 e5 31. c3 Ke6 32. Bb3+ Kd6 33. Bd1
c5 34. bxc5+ Kxc5 35. Be2 Nb1 36. Bf1 Nxc3 37. Kg2 b4 38. g4 b3 39. Ba6 b2 0-1

[Event "2025 Mary Thomson Cup (Division A)"]
[Site "Woodvale, Perth WA AUS"]
[Date "2025.02.26"]
[Round "5"]
[White "Gibson, Jacob"]
[Black "Fokaite, Gabriele"]
[Result "1-0"]
[ECO "B00"]
[WhiteElo "1999"]
[BlackElo "1990"]
[PlyCount "65"]
[EventDate "2025.01.22"]
[EventType "swiss"]
[EventRounds "5"]
[EventCountry "AUS"]
[TimeControl "3600+30"]

1. e4 b6 2. d4 Bb7 3. Bd3 e6 4. Nf3 Be7 5. c4 d6 6. Nc3 Nd7 7. Qe2 Ngf6 8. Bc2
e5 9. Be3 O-O 10. O-O-O Qc8 11. h3 c5 12. dxe5 Nxe5 13. Bf4 Qc7 14. Nd5 Nxd5
15. exd5 Nxf3 16. Qxf3 Qd8 17. h4 g6 18. Qg3 Bf6 19. h5 Bg7 20. hxg6 fxg6 21.
Bxd6 Re8 22. Qf4 Qd7 23. Qh2 Bxb2+ 24. Kxb2 Qg7+ 25. Kb1 Ba6 26. Bd3 Bb7 27. f4
b5 28. Be5 Qf7 29. Qxh7+ Qxh7 30. Rxh7 Kxh7 31. Rh1+ Kg8 32. Rh8+ Kf7 33. Rh7+
1-0